 Dungeon Crawl Stone Soup version 0.26-a0-466-g989023bd0d (webtiles) character file.

Game seed: 15158951830059608054

25267 Inarius the Slicer (level 13, 0/79 HPs)
             Began as a Kobold Wanderer on Aug 14, 2020.
             Was the Champion of Okawaru.
             Slain by a basilisk (3 damage)
             ... while petrified by a basilisk
             ... on level 2 of the Lair of Beasts.
             The game lasted 00:28:35 (14028 turns).

Inarius the Slicer (Kobold Wanderer)               Turns: 14028, Time: 00:28:35

Health: 0/79       AC: 11    Str: 13    XL:     13   Next: 49%
Magic:  13/13      EV:  3    Int: 12    God:    Okawaru [******]
Gold:   607        SH:  0    Dex: 32    Spells: 12/12 levels left

rFire    . . .     SeeInvis +   T - +9 dagger of the Magi {flame, rN+ Dex+6}
rCold    . . .     Faith    .   w - +0 buckler
rNeg     + + +     Spirit   .   y - +0 troll leather armour {Purgy}
rPois    ∞         Reflect  .   (no helmet)
rElec    .         Harm     .   r - +0 cloak
rCorr    .                      s - +2 pair of gloves {Str+3}
MR       .....                  m - +1 pair of boots "Loqaw" {Slay+2 SInv}
Stlth    ++++++++..             D - amulet of regeneration
HPRegen  1.03/turn              O - +6 ring of dexterity
MPRegen  0.13/turn              g - ring of stealth

@: petrified
A: small, nightstalker 3
a: Heroism, Finesse, Renounce Religion


You were on level 2 of the Lair of Beasts.
You worshipped Okawaru.
Okawaru was exalted by your worship.
You visited 3 branches of the dungeon, and saw 15 of its levels.
You also visited: Sewer and Volcano.

You collected 929 gold pieces.
You spent 322 gold pieces at shops.

Inventory:

Hand Weapons
 p - a +0 dagger of holy wrath
 T - the +9 dagger of the Magi (weapon) {flame, rN+ Dex+6}
   (Okawaru gifted it to you on level 10 of the Dungeon)

   It has been specially enchanted to burn those struck by it, causing extra
   injury to most foes and up to half again as much damage against particularly
   susceptible opponents.
   It affects your dexterity (+6).
   It protects you from negative energy.
 V - a +3 demon blade of electrocution
Armour
 f - a +0 kite shield
 m - the +1 pair of boots "Loqaw" (worn) {Slay+2 SInv}
   (You acquired it on level 2 of the Lair of Beasts)

   It affects your accuracy and damage with ranged weapons and melee attacks
   (+2).
   It lets you see invisible.
 r - a +0 cloak (worn)
 s - a +2 pair of gloves of strength (worn)
 w - a +0 buckler (worn)
 y - a +0 troll leather armour (worn) {Purgy}
 M - a +2 robe of cold resistance
 S - +0 steam dragon scales
 U - a +2 robe of fire resistance
Jewellery
 g - a ring of stealth (right hand)
 j - an uncursed ring of ice
 o - a +4 ring of protection
 t - a +4 ring of evasion
 D - an amulet of regeneration (around neck)
 G - an uncursed ring of poison resistance
 O - a +6 ring of dexterity (left hand)
Wands
 d - a wand of polymorph (9)
 h - a wand of enslavement (9)
 I - a wand of flame (21)
 L - a wand of clouds (5)
 Q - a wand of iceblast (8)
 R - a wand of random effects (20)
Scrolls
 a - 5 scrolls of amnesia
 k - 10 scrolls of teleportation
 q - 8 scrolls of remove curse
 u - a scroll of fear
 v - 5 scrolls of enchant weapon
 x - 2 scrolls of blinking
 z - 3 scrolls of noise
 B - 2 scrolls of identify
 F - a scroll of immolation
 J - 5 scrolls of fog
 X - a scroll of vulnerability
Potions
 b - 3 potions of haste
 c - 2 potions of lignification
 e - 6 potions of heal wounds
 i - 10 potions of curing
 l - 5 potions of stabbing
 n - a potion of magic
 C - 4 potions of might
 E - a potion of brilliance
 H - a potion of flight
 K - 3 potions of ambrosia
 N - a potion of berserk rage
 P - 2 potions of resistance


   Skills:
 + Level 8.5 Fighting
 * Level 14.4 Short Blades
   Level 1.0 Staves
 - Level 1.1 Throwing
 + Level 3.7 Armour
 + Level 10.3 Dodging
 + Level 14.2 Stealth
 + Level 5.5 Shields
 - Level 1.0 Unarmed Combat
 * Level 9.0 Evocations


You had 12 spell levels left.
You didn't know any spells.
Your spell library contained the following spells:

 Spells                   Type           Power        Failure   Level
 Apportation              Tloc           #.....       38%         1
 Corona                   Hex            #......      38%         1
 Foxfire                  Conj/Fire      #...         38%         1
 Corpse Rot               Necr/Air       N/A          54%         2
 Slow                     Hex            #.......     54%         2
 Sublimation of Blood     Necr           #.........   54%         2
 Confusing Touch          Hex            #.......     77%         3
 Conjure Flame            Conj/Fire      #.......     77%         3
 Gell's Gravitas          Tloc           #.........   77%         3
 Inner Flame              Hex/Fire       #.......     77%         3
 Lesser Beckoning         Tloc           #.........   77%         3
 Portal Projectile        Hex/Tloc       #.....       77%         3
 Tukima's Dance           Hex            #.......     77%         3
 Vampiric Draining        Necr           #.........   77%         3
 Cause Fear               Hex            #.........   99%         4
 Dispel Undead            Necr           #.......     99%         4
 Leda's Liquefaction      Hex/Erth       #.........   99%         4
 Petrify                  Tmut/Erth      #.......     99%         4
 Sticky Flame             Conj/Fire      #.......     99%         4
 Alistair's Intoxication  Tmut/Pois      #........    100%        5
 Fireball                 Conj/Fire      #.........   100%        5
 Metabolic Englaciation   Hex/Ice        #.........   100%        5
 Yara's Violent Unravell  Hex/Tmut       #.........   100%        5
 Invisibility             Hex            #.......     100%        6


Dungeon Overview and Level Annotations

Branches:
Dungeon (12/15)            Temple (1/1) D:6            Lair (2/6) D:10
    Orc (0/2) D:11          Sewer (visited)         Volcano (visited)
  Swamp: Lair:2-4    Shoals: Lair:2-4     Snake: Lair:2-4    Spider: Lair:2-4

Altars:
Ashenzari
Cheibriados
Elyvilon
Fedhas
Gozag
Hepliaklqana
Kikubaaqudgha
Makhleb
Nemelex Xobeh
Okawaru
Qazlal
Ru
Sif Muna
Trog
Vehumet
Wu Jian
Xom
Yredelemnul
The Shining One

Shops:
D:7 [!?!   D:8 =

Annotations:
D:9 2 transporters


Innate Abilities, Weirdness & Mutations

You are small and have problems with some larger weapons.
You are completely attuned to the shadows.


Message History

The basilisk gazes at you.
Your limbs have turned to stone.
You have turned to stone.
The yak gores you! x2
The basilisk gazes at you. The yak gores you! The yak gores you.
The yak gores you! The basilisk bites you! The yak gores you! x2
* * * LOW HITPOINT WARNING * * *
The yak gores you!
* * * LOW HITPOINT WARNING * * *
The basilisk bites you!
* * * LOW HITPOINT WARNING * * *
The yak completely misses you. The yak gores you!
* * * LOW HITPOINT WARNING * * *
The yak completely misses you.
The basilisk bites you but does no damage.
The yak completely misses you. The yak gores you!
* * * LOW HITPOINT WARNING * * *
The yak completely misses you. The basilisk bites you!
You die...

......... #...PP...
.#......^ ##......
#......... .#.....
.......⌠..Y #....
..........# ....
.⌠.l#Y..... #...
#@Y.⌠..# #...
....#Y....# #P..
....#...... ##..
..###.....# #...
.....#...#. ###..
..........). #....
............. ###....
............. .......
....................#


You could see 3 yaks and a basilisk.

Vanquished Creatures
  Fannar (D:11)
  Harold (D:10)
  An ogre mage (Volcano)
  A queen ant (D:10)
  6 two-headed ogres
  Urug (Lair:1)
  An unseen horror (D:11)
  A manticore (D:11)
  A torpor snail (Volcano)
  2 molten gargoyles (Volcano)
  A gargoyle (D:10)
  2 cane toads
  3 komodo dragons
  A troll (D:9)
  A hornet (D:10)
  Grinder (D:6)
  5 blink frogs (Lair:2)
  5 hippogriffs
  A shadow (D:11)
  A vampire (D:11)
  Eustachio (D:4)
  14 yaks
  A basilisk (Lair:2)
  A fire bat (Volcano)
  Grum (D:9)
  2 steam dragons
  20 soldier ants
  3 water moccasins
  3 porcupines (Lair:1)
  2 ice beasts
  2 black bears
  2 orc warriors
  A sky beast (D:11)
  Purgy (D:4)
  An eye of draining (D:11)
  A necrophage (D:10)
  5 phantoms
  4 wolves (D:9)
  7 ogres
  2 centaurs
  3 crocodiles
  11 big kobolds
  7 bullfrogs
  2 scorpions
  8 wights
  3 killer bees (D:9)
  9 howler monkeys
  2 lava snakes (Volcano)
  2 quasits
  2 hounds
  Crazy Yiuf (D:6)
  4 orc priests
  A jelly (D:10)
  A centaur skeleton (D:10)
  Terence (D:3)
  2 iguanas
  6 orc wizards (D:8)
  22 worker ants
  6 ogre zombies (D:11)
  3 gnolls (D:9)
  9 adders
  2 river rats
  2 shadow imps
  3 white imps
  An ooze (D:3)
  An adder skeleton (D:8)
  2 worms (Sewer)
  2 dart slugs (D:1)
  2 leopard geckos
  26 orcs
  11 bats
  4 giant cockroaches
  5 goblins
  8 hobgoblins
  4 jackals
  17 kobolds
  2 quokkas
  3 ball pythons
  A ball python skeleton (D:4)
  3 frilled lizards (D:1)
  A goblin skeleton (D:11)
  3 goblin zombies (D:11)
  4 hobgoblin zombies (D:11)
  2 orc skeletons (D:11)
  9 orc zombies (D:11)
  A quokka skeleton (D:8)
  18 rats
353 creatures vanquished.

Vanquished Creatures (collateral kills)
  2 orcs (D:10)
2 creatures vanquished.

Vanquished Creatures (others)
  A soldier ant (D:10)
  An orc wizard (D:10)
  A fungus (Lair:2)
3 creatures vanquished.

Grand Total: 358 creatures vanquished

Notes
Turn   | Place    | Note
-------+----------+-------------------------------------------
     0 | D:1      | Inarius the Kobold Wanderer began the quest for the Orb.
     0 | D:1      | Inarius set off with the following items: a +0 dagger, a
                  | potion of haste, 2 potions of lignification, a +0 robe, a
                  | potion of heal wounds
     0 | D:1      | Reached XP level 1. HP: 14/14 MP: 1/1
   168 | D:1      | Reached XP level 2. HP: 19/19 MP: 2/2
   420 | D:1      | Reached skill level 1 in Short Blades
   432 | D:1      | Reached XP level 3. HP: 24/24 MP: 3/3
   902 | D:2      | Reached XP level 4. HP: 29/29 MP: 4/4
   967 | D:2      | Found a faded altar of an unknown god.
  1568 | D:3      | Found a glowing drain.
  1577 | Sewer    | Entered a sewer
  1637 | Sewer    | Noticed a big kobold
  1669 | Sewer    | Killed a big kobold
  1669 | Sewer    | Reached skill level 5 in Stealth
  1669 | Sewer    | Reached XP level 5. HP: 19/33 MP: 5/5
  1901 | Sewer    | Noticed a big kobold
  1932 | Sewer    | Killed a big kobold
  1932 | Sewer    | Reached XP level 6. HP: 17/38 MP: 6/6
  2224 | Sewer    | Reached skill level 5 in Short Blades
  2576 | Sewer    | Reached XP level 7. HP: 43/43 MP: 7/7
  3087 | Sewer    | Reached XP level 8. HP: 42/48 MP: 8/8
  3464 | D:3      | Noticed Terence
  3467 | D:3      | Killed Terence
  3852 | D:3      | Found an ornate altar of the Wu Jian Council.
  4350 | D:4      | Noticed Purgy
  4381 | D:4      | Killed Purgy
  4422 | D:4      | Noticed Eustachio
  4426 | D:4      | Killed Eustachio
  4426 | D:4      | Reached skill level 5 in Dodging
  4538 | D:4      | Reached skill level 5 in Fighting
  4538 | D:4      | Reached skill level 1 in Shields
  4860 | D:5      | Entered Level 5 of the Dungeon
  4933 | D:5      | Identified the Almanac of Sinister Arts
  5099 | D:5      | Reached XP level 9. HP: 54/54 MP: 9/9
  5571 | D:6      | Found a staircase to the Ecumenical Temple.
  5589 | Temple   | Entered the Ecumenical Temple
  5751 | Temple   | Became a worshipper of Warmaster Okawaru
  5856 | D:6      | Found a runed translucent door.
  5859 | D:6      | Noticed Crazy Yiuf
  5864 | D:6      | Killed Crazy Yiuf
  6230 | D:6      | Noticed Grinder
  6243 | D:6      | Killed Grinder
  6243 | D:6      | Reached skill level 1 in Armour
  6688 | D:7      | Reached skill level 10 in Short Blades
  6693 | D:7      | Found Imoffer's Distillery.
  6698 | D:7      | Bought a potion of stabbing for 56 gold pieces
  6698 | D:7      | Bought a potion of flight for 42 gold pieces
  6698 | D:7      | Bought a potion of heal wounds for 70 gold pieces
  6698 | D:7      | Bought a potion of heal wounds for 70 gold pieces
  6772 | D:7      | Found Axkagres's Antique Armour Shop.
  6793 | D:7      | Found a white marble altar of Elyvilon.
  6979 | D:7      | Found Kubel's Magic Scroll Emporium.
  6985 | D:7      | Bought a scroll of identify for 28 gold pieces
  6985 | D:7      | Bought a scroll of identify for 28 gold pieces
  6985 | D:7      | Bought a scroll of identify for 28 gold pieces
  7011 | D:7      | Noticed a hippogriff
  7028 | D:7      | Killed a hippogriff
  7028 | D:7      | Reached * piety under Okawaru
  7127 | D:7      | Found a glowing golden altar of the Shining One.
  7318 | D:7      | Found Ewazuh's Distillery.
  7691 | D:8      | Found Inugoiwe's Jewellery Boutique.
  7761 | D:8      | Reached XP level 10. HP: 57/59 MP: 10/10
  7948 | D:8      | Found a snail-covered altar of Cheibriados.
  7986 | D:8      | Reached ** piety under Okawaru
  8031 | D:8      | Found a shimmering altar of Xom.
  8035 | D:8      | Found a shimmering blue altar of Sif Muna.
  8035 | D:8      | Found an opulent altar of Gozag.
  8035 | D:8      | Found a glowing golden altar of the Shining One.
  8882 | D:9      | You fall into a shaft and drop 3 floors!
  8883 | D:12     | Noticed a two-headed ogre
  8926 | D:11     | Reached skill level 1 in Evocations
  8927 | D:11     | Noticed Fannar
  9023 | D:11     | Noticed a komodo dragon
  9050 | D:10     | Entered Level 10 of the Dungeon
  9050 | D:10     | Found a staircase to the Lair.
  9148 | D:9      | Reached skill level 10 in Stealth
  9207 | D:9      | Found a shimmering altar of Xom.
  9208 | D:9      | Noticed Grum
  9238 | D:9      | Reached *** piety under Okawaru
  9265 | D:9      | Killed Grum
  9461 | D:9      | Found a basalt altar of Yredelemnul.
  9463 | D:9      | Noticed a death knight
  9465 | D:9      | Found an ancient bone altar of Kikubaaqudgha.
  9480 | D:9      | Noticed a death knight
  9481 | D:9      | Found a transporter.
  9489 | D:9      | Found a transporter.
  9683 | D:10     | Noticed a two-headed ogre
  9708 | D:10     | Killed a two-headed ogre
  9708 | D:10     | Reached **** piety under Okawaru
  9708 | D:10     | Reached XP level 11. HP: 35/65 MP: 11/11
  9935 | D:10     | Received a gift from Okawaru
 10198 | D:10     | Reached skill level 5 in Evocations
 10235 | D:10     | Reached ***** piety under Okawaru
 10422 | D:10     | Noticed Harold
 10454 | D:10     | Killed Harold
 10639 | D:10     | Noticed a queen ant
 10717 | D:10     | Killed a queen ant
 10781 | D:10     | Reached XP level 12. HP: 72/72 MP: 12/12
 10959 | D:10     | Received a gift from Okawaru
 10962 | D:10     | Got a jewelled dagger {god gift}
 10963 | D:10     | Identified the +9 dagger of the Magi {flame, rN+ Dex+6}
                  | (Okawaru gifted it to you on level 10 of the Dungeon)
 11099 | D:11     | Found a staircase to the Orcish Mines.
 11293 | D:11     | Noticed a two-headed ogre
 11296 | D:11     | Killed a two-headed ogre
 11423 | D:11     | HP: 2/73 [komodo dragon (17)]
 11429 | D:11     | Reached ****** piety under Okawaru
 11436 | D:11     | Got a brightly glowing scale mail
 11440 | D:11     | Identified the +1 scale mail of Happy Babbling {rC+ Int+2
                  | Slay+2 SInv} (You found it on level 11 of the Dungeon)
 11540 | D:11     | Noticed an unseen horror
 11549 | D:11     | Killed an unseen horror
 11891 | D:11     | Killed Fannar
 12005 | Lair:1   | Entered Level 1 of the Lair of Beasts
 12059 | Lair:1   | Found a dark tunnel.
 12066 | Volcano  | Entered a volcano
 12304 | Volcano  | Found a bloodstained altar of Trog.
 12304 | Volcano  | Noticed a two-headed ogre
 12304 | Volcano  | Noticed a two-headed ogre
 12304 | Volcano  | Noticed an ogre mage
 12304 | Volcano  | Noticed a two-headed ogre
 12306 | Volcano  | Killed a two-headed ogre
 12309 | Volcano  | Killed a two-headed ogre
 12310 | Volcano  | Killed an ogre mage
 12310 | Volcano  | Received a gift from Okawaru
 12310 | Volcano  | Reached skill level 5 in Shields
 12311 | Volcano  | Killed a two-headed ogre
 12335 | Volcano  | Noticed a two-headed ogre
 12345 | Volcano  | Killed a two-headed ogre
 12345 | Volcano  | Reached XP level 13. HP: 78/78 MP: 13/13
 12618 | Lair:1   | Reached skill level 10 in Dodging
 12948 | Lair:1   | Noticed Urug
 12951 | Lair:1   | Killed Urug
 12951 | Lair:1   | Received a gift from Okawaru
 12954 | Lair:1   | Got a polished lajatang {god gift}
 12955 | Lair:1   | Identified the +7 lajatang of Deformation {freeze, rElec
                  | Str-2 Dex+5 Stlth+} (Okawaru gifted it to you on level 1 of
                  | the Lair of Beasts)
 13346 | Lair:2   | Identified a scroll of acquirement
 13347 | Lair:2   | Acquired the +1 pair of boots "Loqaw" {Slay+2 SInv}
 14028 | Lair:2   | HP: 3/79 [yak (4)]
 14028 | Lair:2   | Slain by a basilisk

Illustrated notes

Levels and vault maps discovered:
D:1:      giann_forest_graveyard, layout_basic, chequers_serial_rivers_marsh
D:2:      layout_basic, chequers_ecumenical_altar_twisty
D:3:      layout_basic, lemuel_doored_altar, portal_sewer_entry_a,
          hangedman_decor_points, uniq_terence, uniq_ijyb
D:4:      layout_loops_ring, uniq_eustachio, uniq_purgy
D:5:      layout_rooms
D:6:      layout_basic, minmay_temple_entry_statues_fountains, uniq_grinder,
          uniq_crazy_yiuf_cottage
D:7:      layout_basic, elyvilon_altar_3, serial_shops, shop_scrolls, shop,
          shop, shop, tso_altar
D:8:      layout_loops_corners, minitemple, serial_shops, shop,
          due_unseen_surprise
D:9:      minmay_spotlight, layout_loops_ring, gammafunk_temple_of_torment,
          basic_altar, uniq_grum
D:10:     layout_rooms, lair_entry_dummy, hangedman_decor_clover_reticule,
          minivault_29, uniq_harold
D:11:     layout_loops_ring, zombieorc1_lemuel, uniq_fannar
D:12:     layout_roguey
Temple:   nicolae_temple_figure_eight
Lair:1:   layout_gridlike, nicolae_volcano_entry_hallway, grunt_megastairs_2,
          uniq_urug
Lair:2:   layout_layer_cave, beast_lair_carwin_6, grunt_megastairs_3,
          infiniplex_staircase_pool_2

Skill      XL: |  1  2  3  4  5  6  7  8  9 10 11 12 13 |
---------------+----------------------------------------+-----
Stealth        | 3 5 6 7 9 11 13 14 | 14.2
Short Blades   | 1 2 3 4 5 7 9 11 12 13 14 | 14.4
Dodging        | 3 4 5 6 7 8 9 10 | 10.3
Fighting       | 4 5 6 7 8 |  8.5
Shields        | 1 2 4 5 |  5.5
Armour         | 2 3 |  3.7
Evocations     | 3 6 8 9 |  9.0
Staves         | |  1.0
Throwing       | |  1.1
Unarmed Combat | |  1.0

Action                   |  1- 3 |  4- 6 |  7- 9 | 10-12 | 13-15 || total
-------------------------+-------+-------+-------+-------+-------++-------
Melee: Short sword       |    70 |   193 |   291 |       |       ||   554
       Punch             |       |       |     2 |       |       ||     2
       Dagger            |       |       |    18 |  1106 |   154 ||  1278
       Rapier            |       |       |   167 |   141 |       ||   308
Evoke: Wand              |       |       |       |     9 |     3 ||    12
  Use: Potion            |     1 |     1 |     3 |     1 |     1 ||     7
       Scroll            |       |     8 |    11 |     7 |     5 ||    31
 Stab: Sleeping          |    17 |    20 |    30 |    33 |    12 ||   112
       Distracted        |       |       |     1 |     6 |     1 ||     8
       Paralysed         |       |       |       |     2 |       ||     2
Armor: Skin              |    40 |    42 |       |    25 |       ||   107
       Robe              |     6 |    19 |    33 |       |     2 ||    60
       Troll leather arm |       |       |    12 |    96 |    10 ||   118
       Steam dragon scal |       |       |       |     1 |       ||     1
       Scale mail        |       |       |       |     3 |       ||     3
Dodge: Dodged            |    39 |    99 |   299 |   545 |    58 ||  1040
Block: Buckler           |       |       |    61 |   194 |    25 ||   280

Table legend: (Time is in decaauts)
 A = Elapsed time spent in this place.
 B = Non-inter-level travel time spent in this place.
 C = Inter-level travel time spent in this place.
 D = Time resting spent in this place.
 E = Time spent auto-exploring this place.
 F = Levels seen in this place.
 G = Mean time per level.
                   A        B        C        D        E       F      G
               +--------+--------+--------+--------+--------+-----+--------+
         Total |  13424 |  13087 |    337 |    850 |   8795 |  17 |  789.6 |
       Dungeon |   9469 |   9243 |    226 |    195 |   6807 |  12 |  789.1 |
        Temple |    189 |    160 |     29 |      0 |    151 |   1 |  189.0 |
          Lair |   1527 |   1446 |     81 |     27 |   1101 |   2 |  763.5 |
         Sewer |   1825 |   1825 |      0 |    582 |    725 |   1 | 1825.0 |
       Volcano |    412 |    412 |      0 |     46 |     10 |   1 |  412.0 |
               +--------+--------+--------+--------+--------+-----+--------+

Top non-repeatable levels by time:
   Sewer: 1825 daAuts
    D:10: 1092 daAuts
     D:6: 1091 daAuts
     D:8: 993 daAuts
    D:11: 992 daAuts
     D:4: 924 daAuts
     D:1: 895 daAuts
     D:7: 864 daAuts
  Lair:1: 823 daAuts
     D:3: 821 daAuts
     D:9: 773 daAuts
  Lair:2: 704 daAuts
     D:5: 514 daAuts
     D:2: 501 daAuts
 Volcano: 412 daAuts
